AoeStats
← crtolino93

Arena

504958674Analyzed
1v1 RM · 25d ago on Sep 7, 2026· 38m 29s· 2 players
Game mode
Random Map
Map size
Tiny (2 player)
Population
200
Speed
Normal
Resources
Standard
Victory
Conquest
Starting age
Dark Age
Ending age
Imperial Age
RankedLock teamsTeams togetherTeam positionsShared explorationLock speedFull tech treeHidden civsTurbo modeCheats
Victory
Defeat
🇰🇷 Bohemians · South Korea
1189
+17
🇸🇮 Bengalis · Slovenia
1215
-17
deux1002
3:29 Loom
11:23 Feudal Age
16:04 Castle Age
14:34 Double-Bit Axe
20:41 Fervor
23:39 Bow Saw
24:00 Sanctity
25:42 Fletching
31:12 Imperial Age
29:29 Redemption
30:15 Wheelbarrow
29:29 Town Watch
29:42 Bodkin Arrow
31:53 Chemistry
32:25 Bracer
33:20 Block Printing
33:43 Theocracy
34:22 Wagenburg Tactics
35:26 Siege Engineers
35:31 Masonry
35:42 Ballistics
37:29 Elite Hussite Wagon
38:51 Guard Tower
39:04 Padded Archer Armor
crtolino93
3:35 Loom
10:17 Feudal Age
11:46 Horse Collar
11:54 Double-Bit Axe
18:00 Castle Age
16:12 Fletching
16:54 Stone Mining
17:54 Town Watch
19:47 Wheelbarrow
20:01 Padded Archer Armor
23:54 Bodkin Arrow
25:22 Leather Archer Armor
29:19 Hand Cart
29:21 Bow Saw
29:03 Gold Mining
34:47 Imperial Age
32:59 Ballistics
33:34 Scale Barding Armor
34:49 Devotion
35:23 Masonry
38:20 Chain Barding Armor
38:11 Forging
38:40 Bloodlines
39:51 Chemistry
Connection lost

Rejoining the realm…

Still unreachable

The connection could not be restored.

Session expired

The server has moved on; the page needs a fresh start.